Construct Section Command Post
Selects Heavy Armor Battlegroup
Construct Platoon Command Post
Selects Rigorous Vehicle Training
Selects Light Vehicle Withdraw and Refit
Light Vehicle Withdraw and Refit
Construct Field Infirmary
6-pounder Anti-tank Gun Team
Construct Field Infirmary
Unlock Bishop Self-propelled Artillery
Selects Forward Repair Assembly
Bishop Self-propelled Artillery
6-pounder Anti-tank Gun Team